 Dungeon Crawl Stone Soup version 0.31-a0-925-g0a390f2509 (webtiles) character file.

Game seed: 16323137193102516602

757 hadoken the Trooper (level 7, 0/90 HPs)
             Began as a Demonspawn Cinder Acolyte on Oct 18, 2023.
             Was a Follower of Uskayaw.
             Slain by a boulder beetle (6 damage)
             ... on level 12 of the Dungeon.
             The game lasted 00:09:16 (5603 turns).

hadoken the Trooper (Demonspawn Cinder Acolyte)     Turns: 5603, Time: 00:09:16

Health: 0/90       AC: 23    Str: 14    XL:     7   Next: 50%
Magic:  0/8        EV:  2    Int: 15    God:    Uskayaw [*.....]
Gold:   176        SH:  0    Dex: 11    Spells: 6/8 levels left

rFire   . . .        a - -1 short sword (flame)
rCold   x . .        u - orb {light}
rNeg    . . .        b - melded +0 robe
rPois   +            (helmet currently unavailable)
rElec   .            (cloak unavailable)
rCorr   .            e - melded +0 pair of gloves
SInv    +            n - melded +0 pair of boots
Will    .....        o - amulet of guardian spirit
Stlth   +            f - ring of see invisible
HPRegen 0.35/turn    p - ring of fire
MPRegen 0.22/turn

%: guardian spirit
@: tree-form (expiring), attractive, glowing, fire susceptible
A: stationary, stasis, torment immunity, boosted hp, rugged brown scales 1,
magic regeneration, (weakness stinger 3), (teleportitis 1)
a: Renounce Religion, Stomp


You were on level 12 of the Dungeon.
You worshipped Uskayaw.
Uskayaw was noncommittal.
You were a tree.
You visited 2 branches of the dungeon, and saw 10 of its levels.
You also visited: Bailey.

You collected 297 gold pieces.
You spent 121 gold pieces at shops.

Inventory:

Hand Weapons
 a - a -1 short sword of flaming (weapon)
 t - a +2 vampiric whip
Missiles
 h - 2 atropa-tipped darts (quivered)
Armour
 b - a +0 robe (melded)
 d - the +2 pair of slick slippers {slick, slippery, EV+4}
   (You acquired it on level 9 of the Dungeon)

   Slick:     Its wearer cannot be constricted, engulfed, netted or webbed.
   Slippery:  Its wearer slips away from damaging melee attacks, pulling the
   attacker onward.
   EV+4:      It affects your evasion (+4).
 e - a +0 pair of gloves (melded)
 n - a +0 pair of boots (melded)
 u - an orb of light (worn)
Jewellery
 f - a ring of see invisible (left branch)
 o - an amulet of guardian spirit (around neck)
 p - a ring of fire (right branch)
 w - an amulet of magic regeneration
 x - a ring of protection from cold
Potions
 c - a potion of mutation


   Skills:
 + Level 6.5 Fighting
 + Level 6.1 Short Blades
 - Level 1.0 Spellcasting
 - Level 2.6 Fire Magic


You had 6 spell levels left.
You knew the following spells:

 Your Spells              Type           Power      Damage    Failure   Level
a - Scorch                Fire           26%        2d6       12%         2

Your spell library contained the following spells:

 Spells                   Type           Power      Damage    Failure   Level
 Tukima's Dance           Hex            0%         N/A       58%         3
 Dimensional Bullseye     Hex/Tloc       0%         N/A       94%         4
 Iskenderun's Mystic Bla  Conj/Tloc      0%         2d3       94%         4


Dungeon Overview and Level Annotations

Branches:
Dungeon (12/15)            Temple (1/1) D:6          Bailey (visited)
   Lair: D:8-11         Orc: D:9-12

Altars:
Ashenzari
Dithmenos
Fedhas
Hepliaklqana
Kikubaaqudgha
Nemelex Xobeh
Qazlal
Ru
Sif Muna
Trog
Uskayaw
Vehumet
Wu Jian
Xom
Yredelemnul

Shops:
D:3 !(

Portals:
Abyss: D:4

Annotations:
D:4 2 transporters, AppleFox63's ghost, amateur DENe
D:5 1 runed translucent door, Crazy Yiuf
D:9 Psyche


Innate Abilities, Weirdness & Mutations

You are a tree.
Your roots penetrate the ground, keeping you stationary.
You cannot be teleported.
You are immune to unholy pain and torment.
Your maximum health is greatly increased.
Your equipment is partially melded.
(You are partially covered in rugged brown scales. (AC +1, +3% HP))
You regenerate magic rapidly.
((You have a sharp stinger which inflicts weakening toxins.))
((You are occasionally teleported next to monsters.))


Message History

The boulder beetle bites you!
* * * LOW HITPOINT WARNING * * *
You hit the boulder beetle but do no damage.
The boulder beetle is lightly wounded.
You hit the boulder beetle but do no damage.
The boulder beetle is lightly wounded.
The boulder beetle bites you but does no damage.
You hit the boulder beetle but do no damage.
The boulder beetle is lightly wounded.
Your transformation is almost over.
The boulder beetle leaps!
You cannot move.
You cannot move.
You cannot move.
You cannot move.
You are too injured to fight recklessly!
Casting: Scorch (safe; 12% risk of failure)
Confirm with . or Enter, or press ? or * to list all spells.
You don't have enough magic to cast this spell.
Okay, then.
Casting: Scorch (safe; 12% risk of failure)
Confirm with . or Enter, or press ? or * to list all spells.
You don't know that spell.
Okay, then.
You aren't carrying any scrolls.
You feel attractive to monsters.
The boulder beetle is attracted toward you.
You hit the boulder beetle but do no damage.
The boulder beetle is lightly wounded.
You hit the boulder beetle but do no damage.
The boulder beetle is lightly wounded.
The boulder beetle bites you but does no damage.
You hit the boulder beetle but do no damage.
The boulder beetle is lightly wounded.
The boulder beetle bites you.
* * * LOW HITPOINT WARNING * * *
You hit the boulder beetle. You burn the boulder beetle.
The boulder beetle is lightly wounded.
The boulder beetle bites you!
You die...

..#################
......B♣>..........
########.##########
#.# #..○.# #B...#
#....# #....#
####.. #..


You could see a boulder beetle.

Vanquished Creatures
  An ogre (D:5)
  A phantom (D:4)
  A kobold brigand (D:10)
  2 scorpions (D:5)
  A howler monkey (D:5)
  A hound (D:4)
  3 iguanas (D:5)
  7 gnolls
  7 adders
  A shadow imp (D:6)
  A white imp (D:5)
  3 worms
  A dart slug (D:4)
  14 orcs
  6 ball pythons
  5 endoplasms
  3 giant cockroaches
  4 goblins
  12 hobgoblins
  A jackal (D:6)
  11 kobolds
  3 quokkas
  7 bats
  2 frilled lizards (D:1)
  5 rats
103 creatures vanquished.

Vanquished Creatures (others)
  24 foxfires
24 creatures vanquished.

Grand Total: 127 creatures vanquished

Notes
Turn   | Place    | Note
-------+----------+-------------------------------------------
     0 | D:1      | hadoken the Demonspawn Cinder Acolyte began the quest for
                  | the Orb.
     0 | D:1      | Reached XP level 1. HP: 18/18 MP: 2/2
     5 | D:1      | Found a faded altar of an unknown god.
   295 | D:1      | Gained mutation: You have a small tail. [demonic ancestry]
   295 | D:1      | Reached XP level 2. HP: 24/24 MP: 3/3
   841 | D:2      | Learned a level 2 spell: Scorch
   877 | D:2      | Gained mutation: You are partially covered in rugged brown
                  | scales. (AC +1, +3% HP) [demonic ancestry]
   877 | D:2      | Reached XP level 3. HP: 22/29 MP: 2/4
  1065 | D:2      | Gained mutation: You have a tail ending in a sharp stinger.
                  | [demonic ancestry]
  1065 | D:2      | Reached XP level 4. HP: 38/38 MP: 0/5
  2136 | D:3      | Gained mutation: You have a sharp stinger which inflicts
                  | weakening toxins. [demonic ancestry]
  2136 | D:3      | Reached XP level 5. HP: 44/44 MP: 3/6
  2206 | D:3      | Found a sparkling altar of Nemelex Xobeh.
  2339 | D:3      | Found Leomin's Weapon Emporium.
  2632 | D:3      | Found Ochojyc's Distillery.
  2637 | D:3      | Bought a potion of degeneration for 11 gold pieces
  2637 | D:3      | Bought a potion of haste for 110 gold pieces
  2833 | D:4      | Identified the "Yryumut"
  3007 | D:4      | Found a transporter.
  3012 | D:4      | Noticed a phantom
  3013 | D:4      | Found a radiant altar of Vehumet.
  3022 | D:4      | Killed a phantom
  3023 | D:4      | Reached skill level 5 in Fighting
  3023 | D:4      | Reached XP level 6. HP: 52/52 MP: 7/7
  3025 | D:4      | Noticed AppleFox63's ghost (amateur DENe)
  3062 | D:4      | Reached skill level 5 in Short Blades
  3375 | D:4      | Found a transporter.
  3393 | D:4      | Found a one-way gate to the infinite horrors of the Abyss.
  3459 | D:5      | Entered Level 5 of the Dungeon
  4059 | D:5      | Found a runed translucent door.
  4060 | D:5      | Noticed Crazy Yiuf
  4163 | D:5      | Noticed a troll
  4262 | D:5      | Gained mutation: You regenerate magic rapidly. [demonic
                  | ancestry]
  4262 | D:5      | Reached XP level 7. HP: 58/58 MP: 3/8
  5037 | D:6      | Found a sacrificial altar of Ru.
  5183 | D:6      | Found a staircase to the Ecumenical Temple.
  5208 | Temple   | Entered the Ecumenical Temple
  5232 | Temple   | Fell from the grace of Ignis
  5232 | Temple   | Became a worshipper of Uskayaw the Reveller
  5264 | D:6      | Reached * piety under Uskayaw
  5298 | D:6      | You fall into a shaft and drop 3 floors!
  5301 | D:9      | Noticed a two-headed ogre
  5304 | D:9      | Identified a scroll of acquirement
  5304 | D:9      | Acquired the +2 pair of slick slippers {slick, slippery,
                  | EV+4}
  5304 | D:9      | Found the +2 pair of slick slippers {slick, slippery, EV+4}
  5306 | D:9      | Noticed a wyvern
  5366 | D:9      | Noticed Psyche
  5370 | D:9      | Gained mutation: You are occasionally teleported next to
                  | monsters. [potion of mutation]
  5372 | D:9      | Reached ** piety under Uskayaw
  5375 | D:10     | Entered Level 10 of the Dungeon
  5375 | D:10     | Found a flagged portal.
  5546 | Bailey   | Entered a bailey
  5568 | D:10     | You fall into a shaft and drop 2 floors!
  5573 | D:12     | Noticed a boulder beetle
  5603 | D:12     | Slain by a boulder beetle

Illustrated notes

Levels and vault maps discovered:
D:1:      lightli_iron_boxes, layout_loops_ring, basic_ecumenical_altar
D:2:      layout_loops_ring, kennysheep_generic_room_12
D:3:      layout_rooms, overflow_temple_1_default,
          mainiacjoe_overflow_cross_hatched, serial_shops,
          nicolae_shop_window_shopping, nicolae_shop_bloodbath_and_beyond
D:4:      layout_rooms, mainiacjoe_overflow_tiny_flanked,
          gammafunk_ghost_abyssal_escape
D:5:      layout_basic, zin_academy, minivault_4, uniq_crazy_yiuf_cottage
D:6:      layout_cave_pods, nicolae_ru_great_annihilating_truth,
          mainiacjoe_overflow_six_doors_small,
          mainiacjoe_overflow_concentric_impassable, minmay_temple_entry_hall,
          corner_web_ring, uniq_blork_the_orc, uniq_jeremiah
D:9:      layout_gridville, nicolae_overflow_guarded_unrand_okawaru_victory,
          nicolae_diode_basic, uniq_harold, uniq_psyche
D:10:     minmay_the_grid_four_pointed_star
          [minmay_the_grid_triangle_9x9_minimal,
          minmay_the_grid_triangle_9x9_swiss_cheese,
          minmay_the_grid_triangle_9x9_thin_v,
          minmay_the_grid_triangle_9x9_checkered,
          minmay_the_grid_prize_four_corners_diamond_b], layout_stronghold,
          amcnicky_altar_gilded, nicolae_gozag_seed_capital, serial_shops,
          nicolae_shop_statue_plus, enter_bailey_2, minivault_24,
          reono_crystal_passage, roderic_lattice_a, serial_bayou_pond_c,
          uniq_grum, uniq_lodul
D:12:     layout_basic, minmay_orc_entry_guard_dogs
Temple:   minmay_temple_forest_path

Skill      XL: |  1  2  3  4  5  6  7 |
---------------+----------------------+-----
Short Blades   | 3 4 5 6 |  6.1
Fighting       | 4 5 6 |  6.5
Spellcasting   | |  1.0
Fire Magic     | |  2.6

Action                     |  1- 3 |  4- 6 |  7- 9 || total
---------------------------+-------+-------+-------++-------
  Melee: Short sword       |   107 |   147 |    89 ||   343
         Tailslap          |     3 |    25 |    13 ||    41
         Punch             |     1 |       |       ||     1
  Throw: Dart              |       |     3 |       ||     3
   Cast: Scorch            |     5 |    39 |    19 ||    63
 Invoke: Fiery Armour      |     2 |     1 |       ||     3
         Foxfire Swarm     |     1 |     1 |       ||     2
         Rising Flame      |       |     1 |       ||     1
         Stomp             |       |       |     1 ||     1
    Use: Scroll            |       |     2 |     8 ||    10
         Potion            |       |       |    10 ||    10
   Stab: Sleeping          |     1 |     1 |       ||     2
         Invisible         |       |     1 |       ||     1
 Armour: Robe              |    63 |    91 |    60 ||   214
         Skin              |       |       |    18 ||    18
  Dodge: Dodged            |    53 |    87 |    45 ||   185

Table legend: (Time is in decaauts)
 A = Elapsed time spent in this place.
 B = Non-inter-level travel time spent in this place.
 C = Inter-level travel time spent in this place.
 D = Time resting spent in this place.
 E = Time spent auto-exploring this place.
 F = Levels seen in this place.
 G = Mean time per level.
                   A        B        C        D        E       F      G
               +--------+--------+--------+--------+--------+-----+--------+
         Total |   5506 |   5197 |    309 |    506 |   3798 |  11 |  500.5 |
       Dungeon |   5438 |   5172 |    266 |    506 |   3796 |   9 |  604.2 |
        Temple |     48 |      5 |     43 |      0 |      0 |   1 |   48.0 |
        Bailey |     18 |     18 |      0 |      0 |      2 |   1 |   18.0 |
               +--------+--------+--------+--------+--------+-----+--------+

Top non-repeatable levels by time:
     D:5: 1470 daAuts
     D:2: 1160 daAuts
     D:3: 840 daAuts
     D:1: 825 daAuts
     D:4: 655 daAuts
     D:6: 229 daAuts
    D:10: 170 daAuts
     D:9: 56 daAuts
  Temple: 48 daAuts
    D:12: 28 daAuts
  Bailey: 18 daAuts
